 Dungeon Crawl Stone Soup version 0.31.0-12-g77e489cdc1 (webtiles) character file.

Game seed: 7115685358383880331

18 hawla the Shield-Bearer (level 2, -1/27 HPs)
             Began as a Minotaur Fighter on Feb 17, 2024.
             Slain by Natasha (7 damage)
             ... on level 2 of the Dungeon.
             The game lasted 00:01:29 (759 turns).

hawla the Shield-Bearer (Minotaur Fighter)           Turns: 759, Time: 00:01:30

Health: -1/27      AC:  6    Str: 20    XL:     2   Next: 48%
Magic:  1/1        EV:  9    Int:  5    God:
Gold:   87         SH:  4    Dex:  9    Spells: 1/1 levels left

rFire   . . .        a - +0 long sword
rCold   . . .        c - +0 buckler
rNeg    . . .        b - +0 scale mail
rPois   .            (helmet restricted)
rElec   .            (no cloak)
rCorr   .            (no gloves)
SInv    .            (no boots)
Will    .....        (no amulet) Stlth
                     (no ring)
HPRegen 0.24/turn    (no ring)
MPRegen 0.07/turn

%: no passive effects
@: no status effects
A: horns 2, retaliatory headbutt
a: no special abilities


You were on level 2 of the Dungeon.
You visited 1 branch of the dungeon, and saw 2 of its levels.

You collected 87 gold pieces.

Inventory:

Hand Weapons
 a - a +0 long sword (weapon)
Armour
 b - a +0 scale mail (worn)
 c - a +0 buckler (worn)
Jewellery
 e - a ring of fire
Potions
 d - a potion of might
 i - a potion of lignification


   Skills:
 + Level 4.2 Fighting
 - Level 2.4 Long Blades
 - Level 3.6 Armour
 + Level 4.2 Shields


You had one spell level left.
You didn't know any spells.
Your spell library was empty.

Dungeon Overview and Level Annotations

Branches:
Dungeon (2/15)

Altars:

Annotations:
D:2 Natasha


Innate Abilities, Weirdness & Mutations

You have a pair of horns on your head.
You reflexively headbutt those who attack you in melee.


Message History

Natasha, Servant of Life and Death comes into view.
Found a stone staircase leading down.
Natasha hisses angrily.
Natasha stares at you and mumbles some strange words.
The magic dart hits you.
Natasha is nearby!
Natasha is nearby!
Natasha is nearby!
Natasha stares at you and mumbles some strange words.
The magic dart hits you!
Natasha mumbles some strange words.
Natasha barely misses you.
The cerulean imp hits you with a +0 spear.
You closely miss the cerulean imp. Natasha barely misses you.
You furiously retaliate!
You headbutt Natasha. You block the cerulean imp's attack.
You barely miss Natasha. Your headbutt misses Natasha.
Natasha is lightly wounded.
Natasha closely misses you. The cerulean imp closely misses you.
You furiously retaliate!
You headbutt the cerulean imp. You barely miss the cerulean imp.
The cerulean imp is heavily wounded.
Natasha claws you but does no damage. You block the cerulean imp's attack.
You block Natasha's attack. The cerulean imp closely misses you.
You barely miss Natasha. Natasha claws you. The cerulean imp barely misses you.
You slash Natasha!
Natasha is heavily wounded.
You block Natasha's attack.
The cerulean imp hits you with a +0 spear.
You closely miss Natasha.
Natasha is heavily wounded.
Natasha claws you but does no damage. You block the cerulean imp's attack.
Natasha claws you.
* * * LOW HITPOINT WARNING * * *
You slash Natasha! Your headbutt misses Natasha.
Natasha is almost dead.
The cerulean imp closely misses you. You furiously retaliate!
You headbutt the cerulean imp. Natasha claws you!
You die...
Natasha begins licking her fur clean.

##.###.#.######.#
.# #.#........# .#
#†########## .#####
#.# ###......
#.#########..!.....
#..................
###########........
#...............
#......@........
#.....5.h.......
########.>......
#........ #########


You could see Natasha and a cerulean imp (summoned).

Vanquished Creatures
  A ribbon worm (D:2)
  2 ball pythons
  A giant cockroach (D:1)
  2 hobgoblins (D:1)
  3 kobolds
  A quokka (D:1)
  3 bats (D:1)
  A frilled lizard (D:1)
  3 rats (D:1)
17 creatures vanquished.

Notes
Turn   | Place    | Note
-------+----------+-------------------------------------------
     0 | D:1      | hawla the Minotaur Fighter began the quest for the Orb.
     0 | D:1      | Reached XP level 1. HP: 19/19 MP: 0/0
   277 | D:1      | Reached XP level 2. HP: 27/27 MP: 1/1
   749 | D:2      | Noticed Natasha
   759 | D:2      | Slain by Natasha

Illustrated notes

Levels and vault maps discovered:
D:1:      minmay_arrival_solitary_statue, layout_loops_ring
D:2:      layout_basic, uniq_natasha

Skill      XL: |  1 |
---------------+----+-----
Fighting       | 4 |  4.2
Shields        | 4 |  4.2
Long Blades    | |  2.4
Armour         | |  3.6

Action                     || total
---------------------------++-------
  Melee: Long sword        ||    49
         Headbutt          ||     6
    Use: Scroll            ||     3
 Armour: Scale mail        ||    35
  Dodge: Dodged            ||    22
  Block: Buckler           ||    15
